cohdb
Replays
Latest Replays
All Replays
Popular Replays
Top Player Replays
Match Explorer
How It Works
Community
CoH3 Stats
Reddit
Sign in to upload your games and track your stats! →
Sign in with Steam
Match 46869159
Unlisted
Match 46869159
Overview
Messages
Build Orders
End
Panzergrenadier Squad
250 Light Carrier
Selects Battlefield Espionage Battlegroup
Panzergrenadier Squad
Construct Light Support Kompanie
Fire Support Elements
Selects 250/3 Funkpanzerwagen
Panzergrenadier Squad
2.5-tonne Medical Truck
Panzerjäger Mechanized Group
Vehicle Survival Package
Veteran Squad Leaders
Panzerjäger Squad
250/3 Funkpanzerwagen
Selects Anti-Tank Incendiary Munitions
Selects Intel Disruption Beacon
2.5-tonne Medical Truck
Construct Panzerarmee Kommand
Emergency Repair Kits
Selects Transfer Depots
Selects Disruption Operation
Panzerjäger Mechanized Group
Disruption Operation
Flak 36 Anti-tank Gun Team
Selects Operation Skorpion
Disruption Operation
Walking Stuka Rocket Launcher
KMS Prinz Eugen
Alika-v
AppleU
Jimi Mayer
Tatari◑。
Jaco
Miško
Balzeal
0
0
Comments
sign in to comment!
No comments posted yet!